 Dungeon Crawl Stone Soup version 0.31-a0-965-g8a8ce12e04 (webtiles) character file.

Game seed: 17454601687414671475

385 Shayle the Ducker (level 6, -2/38 HPs)
             Began as a Tengu Hexslinger on Oct 26, 2023.
             Was a Follower of Uskayaw.
             Slain by Duvessa
             ... wielding a +0 short sword
              (11 damage)
             ... on level 4 of the Dungeon.
             The game lasted 00:06:23 (3104 turns).

Shayle the Ducker (Tengu Hexslinger)                Turns: 3104, Time: 00:06:23

Health: -2/38      AC:  3    Str:  9    XL:     6   Next: 77%
Magic:  8/8        EV: 14    Int: 13    God:    Uskayaw [*.....]
Gold:   204        SH:  0    Dex: 18    Spells: 7/7 levels left

rFire   . . .        k - +1 spear of Duty {venom, rCorr}
rCold   . . .        (no shield)
rNeg    . . .        c - +0 robe
rPois   .            o - +1 hat
rElec   .            (no cloak)
rCorr   +            (no gloves)
SInv    .            (boots unavailable)
Will    .....        (no amulet)
Stlth   +++          (no ring)
HPRegen 0.26/turn    (no ring)
MPRegen 0.11/turn

%: acrobat
@: no status effects
A: beak, talons 3, acrobatic
a: Renounce Religion, Stomp


You were on level 4 of the Dungeon.
You worshipped Uskayaw.
Uskayaw was noncommittal.
You visited 1 branch of the dungeon, and saw 4 of its levels.

You collected 204 gold pieces.

Inventory:

Hand Weapons
 a - a +1 sling
 d - a +2 dagger of venom
 k - the +1 spear of Duty (weapon) {venom, rCorr}
   (You found it on level 2 of the Dungeon)

   rCorr:     It protects you from acid and corrosion.
 q - a +4 spear
Armour
 c - a +0 robe (worn)
 o - a +1 hat (worn)
Scrolls
 b - 2 scrolls of poison
 f - 2 scrolls of summoning {unknown}
 g - 4 scrolls of identify {unknown}
 j - a scroll of noise {unknown}
 n - a scroll of teleportation {unknown}
Potions
 e - a potion of cancellation
 h - a potion of lignification {unknown}
 i - a potion of enlightenment {unknown}
 l - a potion of magic
 m - 2 potions of attraction {unknown}
 p - a potion of brilliance {unknown}
 r - a potion of heal wounds {unknown}


   Skills:
 + Level 3.8 Fighting
 - Level 2.1 Ranged Weapons
 + Level 4.5 Dodging
 + Level 3.6 Stealth
 - Level 1.3 Spellcasting
 - Level 2.1 Hexes
 - Level 1.5 Fire Magic
 + Level 0.8 Invocations


You had 7 spell levels left.
You didn't know any spells.
Your spell library contained the following spells:

 Spells                   Type           Power      Damage    Failure   Level
 Slow                     Hex            24%        N/A       11%         1
 Jinxbite                 Hex            12%        N/A       17%         2
 Confusing Touch          Hex            6%         N/A       32%         3
 Sigil of Binding         Hex            6%         N/A       32%         3
 Inner Flame              Hex/Fire       5%         N/A       36%         3
 Blink                    Tloc           0%         N/A       38%         2
 Vampiric Draining        Necr           0%         2d6       63%         3
 Cause Fear               Hex            3%         N/A       73%         4
 Dimensional Bullseye     Hex/Tloc       1%         N/A       86%         4
 Manifold Assault         Tloc           0%         N/A       95%         4


Dungeon Overview and Level Annotations

Branches:
Dungeon (4/15)
 Temple: D:4-7

Altars:
Ashenzari
Uskayaw
Xom

Shops:
D:4 :

Annotations:
D:4 Dowan, Duvessa


Innate Abilities, Weirdness & Mutations

You have a beak for a mouth.
You have claws for feet.
You can magically evade attacks while moving or waiting.


Message History

You hit Duvessa but do no damage.
Duvessa looks even sicker.
Your kick misses Duvessa.
Duvessa is lightly wounded.
Duvessa closely misses you.
Dowan gestures wildly while chanting.
Dowan blinks!
Duvessa closely misses you.
You hit Duvessa.
Duvessa looks as sick as possible!
You claw Duvessa, but do no damage.
Duvessa is lightly wounded.
Duvessa misses you.
You hit Duvessa but do no damage.
Duvessa looks as sick as possible!
Duvessa is lightly wounded.
Duvessa closely misses you.
Duvessa gestures with her weapon.
Duvessa hits you with a +0 short sword!
You hit Duvessa but do no damage.
Duvessa looks as sick as possible!
You claw Duvessa, but do no damage.
Duvessa is moderately wounded.
Duvessa barely misses you. Duvessa misses you.
You hit Duvessa but do no damage.
Duvessa looks as sick as possible!
You claw Duvessa, but do no damage. Your peck misses Duvessa.
Duvessa is heavily wounded.
Duvessa misses you.
You hit Duvessa.
Duvessa looks as sick as possible!
You claw Duvessa, but do no damage.
Duvessa is heavily wounded.
Duvessa hits you with a +0 short sword. x2
You hit Duvessa.
Duvessa looks as sick as possible!
You peck Duvessa, but do no damage. Your punch misses Duvessa.
Duvessa is severely wounded.
Duvessa hits you with a +0 short sword. Duvessa hits you with a +0 short sword!
* * * LOW HITPOINT WARNING * * *
It was a potion of magic.
Magic courses through your body.
Duvessa says, "My weaknesses are his strengths!"
Duvessa misses you.
It was a potion of cancellation.
You feel magically purged. Duvessa hits you with a +0 short sword.
* * * LOW HITPOINT WARNING * * *
Duvessa hits you with a +0 short sword!
You die...

#..######........#..#
##.##...............#
#.##.....##....e...#
#.##..∩..##..e.....#
#.##.....##..########..
#........##..####..##..
####.######..[......#..
#.######.........#..
#[.@e............+..
#####e.##...##'###..
#........##..##..
#.........#....).
###+##....#......
#..[.#......
#....#......
+...)'......
#....#...†..


You could see Duvessa (fast, extremely poisoned) and Dowan.

Vanquished Creatures
  Sigmund (D:3)
  A hound (D:4)
  Natasha (twice) (D:4)
  3 adders (D:2)
  2 ufetubi (D:3)
  A worm (D:2)
  3 dart slugs
  5 orcs (D:3)
  7 bats
  4 endoplasms
  6 giant cockroaches
  5 goblins
  7 hobgoblins
  11 jackals
  8 kobolds
  5 quokkas
  4 ball pythons
  3 frilled lizards (D:1)
  5 rats
83 creatures vanquished.

Notes
Turn   | Place    | Note
-------+----------+-------------------------------------------
     0 | D:1      | Shayle the Tengu Hexslinger began the quest for the Orb.
     0 | D:1      | Reached XP level 1. HP: 12/12 MP: 3/3
   110 | D:1      | Reached XP level 2. HP: 16/16 MP: 4/4
   114 | D:1      | Found a faded altar of an unknown god.
   324 | D:1      | Reached XP level 3. HP: 16/21 MP: 5/5
   509 | D:1      | Reached skill level 1 in Stealth
   581 | D:1      | You fall into a shaft and drop 1 floor!
   709 | D:2      | Identified the +1 spear of Duty {venom, rCorr}
   727 | D:2      | Reached skill level 3 in Dodging
  1124 | D:2      | Reached XP level 4. HP: 26/26 MP: 6/6
  1778 | D:3      | Found a shimmering altar of Xom.
  1779 | D:3      | Found a broken altar of Ashenzari.
  1857 | D:3      | Noticed Sigmund
  1862 | D:3      | Killed Sigmund
  1863 | D:3      | Reached skill level 4 in Dodging
  1863 | D:3      | Reached XP level 5. HP: 14/32 MP: 7/7
  1863 | D:3      | Reached XP level 6. HP: 16/37 MP: 8/8
  2119 | D:3      | Found a hide-covered altar of Uskayaw.
  2231 | D:3      | Became a worshipper of Uskayaw the Reveller
  2333 | D:3      | Reached * piety under Uskayaw
  2915 | D:4      | Noticed Natasha
  2921 | D:4      | Reached ** piety under Uskayaw
  2925 | D:4      | Killed Natasha
  2942 | D:4      | Noticed Natasha
  2949 | D:4      | Killed Natasha
  2980 | D:4      | Found Coajig's Self-Published Books.
  3082 | D:4      | Noticed Dowan
  3085 | D:4      | Noticed Duvessa
  3104 | D:4      | Slain by Duvessa

Illustrated notes

Levels and vault maps discovered:
D:1:      grunt_arrival_lava_bath, layout_loops_ring,
          chequers_ecumenical_altar_island, minmay_misc_feat_iff, nrook_campfire
D:2:      layout_basic
D:3:      layout_basic, gammafunk_temple_overflow_pools,
          nicolae_uskayaw_murder_on_the_dancefloor, st_stairs_5,
          minmay_misc_feat_chi, uniq_sigmund
D:4:      layout_gridville, chequers_serial_rivers_micro_d, grunt_ministairs_1,
          nicolae_custom_books, minmay_cut_off, uniq_duvessa, uniq_natasha

Skill      XL: |  1  2  3  4 |
---------------+-------------+-----
Stealth        | 1 3 |  3.6
Fighting       | 2 3 |  3.8
Dodging        | 3 4 |  4.5
Ranged Weapons | |  2.1
Spellcasting   | |  1.3
Hexes          | |  2.1
Fire Magic     | |  1.5
Invocations    | |  0.8

Action                     |  1- 3 |  4- 6 || total
---------------------------+-------+-------++-------
  Melee: Dagger            |    56 |       ||    56
         Kick              |    17 |    34 ||    51
         Peck              |     9 |    15 ||    24
         Spear             |    31 |   117 ||   148
         Punch             |     1 |     3 ||     4
   Fire: Sling             |     2 |       ||     2
    Use: Potion            |       |     2 ||     2
   Stab: Sleeping          |     6 |     8 ||    14
 Armour: Robe              |    35 |    58 ||    93
  Dodge: Dodged            |    58 |   119 ||   177

Table legend: (Time is in decaauts)
 A = Elapsed time spent in this place.
 B = Non-inter-level travel time spent in this place.
 C = Inter-level travel time spent in this place.
 D = Time resting spent in this place.
 E = Time spent auto-exploring this place.
 F = Levels seen in this place.
 G = Mean time per level.
                   A        B        C        D        E       F      G
               +--------+--------+--------+--------+--------+-----+--------+
         Total |   3135 |   3012 |    123 |    285 |   2004 |   4 |  783.8 |
       Dungeon |   3135 |   3012 |    123 |    285 |   2004 |   4 |  783.8 |
               +--------+--------+--------+--------+--------+-----+--------+

Top non-repeatable levels by time:
     D:2: 1171 daAuts
     D:3: 1095 daAuts
     D:1: 607 daAuts
     D:4: 261 daAuts
